 Dungeon Crawl Stone Soup version 0.29.0-13-gc9e81de378 (webtiles) character file.

Game seed: 8424298827394965099

210 bande the Chopper (level 5, -1/47 HPs)
             Began as a Hill Orc Fighter on Sept 9, 2022.
             Slain by an orc
             ... wielding a +0 trident
              (4 damage)
             ... on level 4 of the Dungeon.
             The game lasted 00:04:15 (3948 turns).

bande the Chopper (Hill Orc Fighter)                Turns: 3948, Time: 00:04:16

Health: -1/47      AC:  7    Str: 19    XL:     5   Next: 88%
Magic:  5/5        EV:  9    Int:  8    God:
Gold:   147        SH:  5    Dex: 12    Spells: 4/4 levels left

rFire   . . .      SeeInvis .   a - +0 war axe
rCold   . . .      Faith    .   c - +0 buckler
rNeg    . . .      Spirit   .   b - +0 scale mail
rPois   .          Reflect  .   (no helmet)
rElec   .          Harm     .   (no cloak)
rCorr   .          Rampage  .   (no gloves)
Will    .....                   (no boots)
Stlth   ..........              (no amulet)
HPRegen 0.15/turn               (no ring)
MPRegen 0.09/turn               (no ring)

@: mighty
A: no striking features
a: no special abilities


You were on level 4 of the Dungeon.
You visited 1 branch of the dungeon, and saw 4 of its levels.

You collected 147 gold pieces.

Inventory:

Hand Weapons
 a - a +0 war axe (weapon)
 x - a +0 war axe
Armour
 b - a +0 scale mail (worn)
 c - a +0 buckler (worn)
Jewellery
 k - an amulet of magic regeneration
Wands
 v - a wand of digging (8)
Scrolls
 i - a scroll of amnesia {unknown}
 j - a scroll of magic mapping {unknown}
 m - 3 scrolls of butterflies {unknown}
 n - a scroll of brand weapon {unknown}
 o - 4 scrolls of blinking {unknown}
 r - a scroll of enchant armour {unknown}
 s - 2 scrolls of identify {unknown}
 w - a scroll of immolation {unknown}
Potions
 e - a potion of heal wounds {unknown}
 f - a potion of degeneration {unknown}
 g - a potion of haste {unknown}
 h - a potion of brilliance {unknown}
 l - a potion of curing
 p - a potion of mutation {unknown}
 q - 2 potions of ambrosia {unknown}
 t - 2 potions of attraction {unknown}
 u - a potion of berserk rage {unknown}


   Skills:
 + Level 4.9 Fighting
 + Level 5.5 Axes
 + Level 4.2 Armour
 + Level 3.8 Shields


You had 4 spell levels left.
You didn't know any spells.
Your spell library contained the following spells:

 Spells                   Type           Power      Damage    Failure   Level
 Foxfire                  Conj/Fire      0%         2x1d4     86%         1


Dungeon Overview and Level Annotations

Branches:
Dungeon (4/15)
 Temple: D:4-7

Altars:
Elyvilon
Fedhas

Shops:
D:3 ?


Message History

The kobold throws a stone.
The orc barely misses you. Something hits you but does no damage.
You block the orc's attack.
You closely miss something. You hit the orc.
You kill the orc!
You hit the kobold but do no damage. Something hits you but does no damage.
You block the kobold's attack.
The orc hits you from afar with a +0 trident.
* * * LOW HITPOINT WARNING * * *
Unknown command.
You feel better. You block something's attack.
The kobold hits you but does no damage.
The orc hits you from afar with a +0 trident.
* * * LOW HITPOINT WARNING * * *
You feel better. The orc hits you but does no damage.
You block the kobold's attack. Something hits you but does no damage.
You feel very mighty all of a sudden. Something hits you.
The kobold hits you but does no damage.
The orc hits you from afar with a +0 trident.
Unknown command.
You barely miss something. You closely miss the kobold. Something hits you.
* * * LOW HITPOINT WARNING * * *
The kobold hits you but does no damage.
The orc hits you from afar with a +0 trident.
* * * LOW HITPOINT WARNING * * *
Unknown command.
You barely miss something. You hit the kobold.
Something hits you but does no damage.
The orc hits you from afar with a +0 trident.
* * * LOW HITPOINT WARNING * * *
The kobold hits you with a +0 short sword.
* * * LOW HITPOINT WARNING * * *
Unknown command.
You slash something!
Reactivating autopickup.
You feel a bit more experienced.
You closely miss the kobold.
The orc hits you from afar with a +0 trident.
* * * LOW HITPOINT WARNING * * *
The kobold hits you but does no damage.
The orc hits you from afar with a +0 trident.
You die...

#).........
#.........
#......... ........
#.....# #.o..#
#))K## #########
#.@).####.......##
#?...............##
#.......#####.....#
#.....†## ##....#
#.)...## #....#
#.....## ##...#
#.....# #...#
##...## #..## #####
#..#


You could see an orc and a kobold.

Vanquished Creatures
  An orc priest (D:3)
  Natasha (thrice) (D:3)
  An orc wizard (D:4)
  4 adders
  2 dart slugs
  4 orcs
  3 endoplasms
  3 giant cockroaches (D:3)
  7 goblins
  3 hobgoblins (D:1)
  3 jackals (D:1)
  6 kobolds
  3 quokkas
  7 ball pythons
  8 bats
  3 frilled lizards
  6 rats
67 creatures vanquished.

Vanquished Creatures (others)
  A fungus (D:1)
1 creature vanquished.

Grand Total: 68 creatures vanquished

Notes
Turn   | Place    | Note
-------+----------+-------------------------------------------
     0 | D:1      | bande the Hill Orc Fighter began the quest for the Orb.
     0 | D:1      | Reached XP level 1. HP: 19/19 MP: 1/1
   163 | D:1      | Reached XP level 2. HP: 25/27 MP: 2/2
   347 | D:1      | Reached skill level 3 in Axes
   750 | D:1      | Reached XP level 3. HP: 30/33 MP: 3/3
   846 | D:1      | Found a faded altar of an unknown god.
   857 | D:1      | Got Plato's Discourse on Heat
  1306 | D:2      | Found a blossoming altar of Fedhas.
  2016 | D:2      | Reached XP level 4. HP: 41/41 MP: 4/4
  2052 | D:3      | Found a white marble altar of Elyvilon.
  2086 | D:3      | Found Damp's Magic Scroll Shop.
  2205 | D:3      | Noticed Natasha
  2219 | D:3      | Killed Natasha
  2220 | D:3      | Reached skill level 4 in Axes
  2312 | D:3      | Noticed Natasha
  2322 | D:3      | Killed Natasha
  2462 | D:3      | Reached XP level 5. HP: 8/47 MP: 5/5
  2619 | D:3      | Noticed Natasha
  2632 | D:3      | Killed Natasha
  2633 | D:3      | Reached skill level 5 in Axes
  3942 | D:4      | HP: 2/47 [orc/+0 trident (4)]
  3948 | D:4      | Slain by an orc

Illustrated notes

Levels and vault maps discovered:
D:1:      evilmike_arrival_rings, layout_loops_corners,
          shapermc_ecumenical_altar_rom_forum, dreamdust_princess_bridge,
          chequers_mini_garden
D:2:      layout_loops_corners, basic_altar
D:3:      layout_basic, mainiacjoe_overflow_small_starburst, serial_shops,
          nicolae_shop_hallway_plus, uniq_natasha
D:4:      layout_layer_cave, minmay_temple_entry_poolview, uniq_menkaure

Skill      XL: |  1  2  3  4  5 |
---------------+----------------+-----
Fighting       | 4 |  4.9
Axes           | 3 4 5 |  5.5
Armour         | 4 |  4.2
Shields        | |  3.8

Action                   |  1- 3 |  4- 6 || total
-------------------------+-------+-------++-------
Melee: War axe           |    87 |   107 ||   194
  Use: Potion            |       |     3 ||     3
Armor: Scale mail        |    51 |    54 ||   105
Dodge: Dodged            |    42 |    47 ||    89
Block: Buckler           |    19 |    31 ||    50
